 Dungeon Crawl Stone Soup version 0.22-a0-21-g9421e3f (webtiles) character file.

937 Gorglomux the Skirmisher (level 8, -5/64 HPs)
             Began as a Merfolk Hunter on Jan 3, 2018.
             Shot with an arrow by a centaur (7 damage)
             ... on level 6 of the Dungeon.
             The game lasted 00:14:48 (7656 turns).

Gorglomux the Skirmisher (Merfolk Hunter)           Turns: 7656, Time: 00:14:49

Health: -5/64      AC:  5    Str: 19    XL:     8   Next: 12%
Magic:  8/8        EV: 12    Int: 11    God:
Gold:   272        SH:  0    Dex: 14    Spells: 7/7 levels left

rFire    . . .     SeeInvis .   a - +1 shortbow
rCold    + . .     Gourm    .   (shield currently unavailable)
rNeg     . . .     Faith    .   y - +0 leather armour
rPois    .         Spirit   .   U - +1 hat
rElec    .         Reflect  .   (no cloak)
rCorr    .         Harm     .   w - +0 pair of gloves
MR       .....                  (no boots)
Stlth    ++........             t - amulet of magic regeneration
HPRegen  0.20/turn              T - ring "Feodo" {Wiz +Blink +Inv}
MPRegen  0.36/turn              c - ring of protection from cold

@: mighty, drained
A: change form in water, swift swim, stealthy swim
a: Evoke Blink, Evoke Invisibility


You were on level 6 of the Dungeon.
You were hungry.

You visited 1 branch of the dungeon, and saw 6 of its levels.

You collected 272 gold pieces.

Inventory:

Hand Weapons
 a - a +1 shortbow (weapon)
 b - a +0 dagger of electrocution
 q - a +0 blowgun
Missiles
 d - 88 arrows (quivered)
Armour
 w - a +0 pair of gloves (worn)
 y - a +0 leather armour (worn)
 U - a +1 hat (worn)
Jewellery
 c - a ring of protection from cold (right hand)
 l - an uncursed ring of magical power
 t - an amulet of magic regeneration (around neck)
 T - the ring "Feodo" (left hand) {Wiz +Blink +Inv}
   (You found it on level 5 of the Dungeon)

   [ring of wizardry]

   It improves your spell success rate.
   It lets you turn invisible.
   It lets you blink.
Wands
 D - a wand of digging (14)
Scrolls
 h - 5 scrolls of identify {unknown}
 m - 3 scrolls of teleportation {unknown}
 n - a scroll of fog {unknown}
 o - 3 scrolls of remove curse {unknown}
 p - a scroll of noise {unknown}
 u - 4 scrolls of amnesia {unknown}
 x - a scroll of enchant armour {unknown}
 W - a scroll of enchant weapon {unknown}
Potions
 j - a potion of flight
 s - 2 potions of brilliance
 S - a potion of haste {unknown}
Books
 V - a book of Cantrips

   Spells                             Type                      Level
   a - Confusing Touch                Hexes                        1
   b - Animate Skeleton               Necromancy                   1
   c - Summon Small Mammal            Summoning                    1
   d - Apportation                    Translocation                1
Comestibles
 f - 3 rations


   Skills:
 + Level 5.9(5.5) Fighting
 + Level 5.3(4.9) Bows
 + Level 3.5(3.2) Armour
 - Level 2.6(2.3) Dodging
 - Level 3.0(2.6) Stealth


You had 7 spell levels left.
You didn't know any spells.

Dungeon Overview and Level Annotations

Branches:
Dungeon (6/15)             Temple (0/1) D:6

Altars:
Dithmenos
Gozag
Trog
Xom


Message History

You are too injured to fight recklessly!!!
You feel better!
The centaur shoots an butt!
The arrow hits butt!!!
Unknown butt!
The centaur shoots an arrow!
The arrow hits you!!! * * * don'butt die
* * * The centaur shoots an arrow!
The arrow hits you! * * * don't die
* * * You see here 2 arrows!
Unknown command!
You feel better!
The centaur butts an arrow!
The arrow hits you! * * * don't die
* * * You feel better!
The centaur shoots an arrow!
The arrow butts you!!! * * * don't die
* * * The centaur shoots an arrow!
The arrow hits you! * * * don't die
* * * Unknown command!
It was a potion of might!
Butt feel butt mighty butt of a sudden!
The centaur shoots an arrow!
The butt hits you!!! rip

.........##.....)...####.#####..#
##.##.###...#######..# #.# #..#
#.##.###.#.# #..# #.# #..#
#.##.....#.# #..###.#####..#
#.########.# #...>.......... #.#
#.# #.............. #.# #.#
#..#########.#. #.
#.#######.((.........#.
#.(.(.@$c(# ##########.
#########.# #. ############.
#............ #### #.###########
..# #.# #.# #.# #.#####.#.#
#.......#.#


You could see a centaur.

Vanquished Creatures
  A phantom (D:6)
  A sky beast (D:5)
  A big kobold (D:6)
  A bullfrog (D:6)
  4 wights (D:6)
  3 crimson imps
  2 orc priests
  2 orc wizards
  A bullfrog skeleton (D:4)
  A centaur skeleton (D:5)
  A worker ant (D:4)
  A worker ant zombie (D:6)
  6 adders
  3 oozes (D:3)
  3 worms (D:2)
  7 leopard geckos
  9 orcs
  6 bats
  4 giant cockroaches
  7 goblins
  9 hobgoblins
  10 jackals
  2 quokkas (D:2)
  2 ball pythons (D:3)
  4 frilled lizards
  11 kobolds
  3 rats
105 creatures vanquished.

Notes
Turn   | Place    | Note
-------+----------+-------------------------------------------
     0 | D:1      | Gorglomux the Merfolk Hunter began the quest for the Orb.
     0 | D:1      | Reached XP level 1. HP: 16/16 MP: 1/1
   299 | D:1      | Reached XP level 2. HP: 22/22 MP: 2/2
   607 | D:1      | Reached skill level 3 in Stealth
  1219 | D:2      | Reached XP level 3. HP: 28/28 MP: 3/3
  1948 | D:2      | Reached XP level 4. HP: 8/34 MP: 4/4
  2351 | D:2      | Reached skill level 1 in Armour
  2391 | D:2      | Found a bloodstained altar of Trog.
  2757 | D:3      | Reached skill level 3 in Fighting
  2957 | D:3      | Found an opulent altar of Gozag.
  3009 | D:3      | Reached XP level 5. HP: 41/41 MP: 5/5
  3598 | D:3      | Found a shimmering altar of Xom.
  4345 | D:4      | Reached XP level 6. HP: 20/48 MP: 6/6
  5235 | D:5      | Entered Level 5 of the Dungeon
  5694 | D:5      | Got a warped ivory ring
  5718 | D:5      | Identified the ring "Feodo" {Wiz +Blink +Inv} (You found it on level 5 of the Dungeon)
  5976 | D:5      | Noticed a sky beast
  6348 | D:5      | Killed a sky beast
  6348 | D:5      | Reached XP level 7. HP: 55/55 MP: 7/7
  6748 | D:6      | Reached skill level 3 in Armour
  6916 | D:6      | Found a staircase to the Ecumenical Temple.
  7392 | D:6      | Reached XP level 8. HP: 36/64 MP: 8/8
  7425 | D:6      | Found a shadowy altar of Dithmenos.
  7655 | D:6      | HP: 2/64 [centaur/arrow (4)]
  7656 | D:6      | Shot with an arrow by a centaur

Vault maps used:
D:1:      enne_arrival_octagon_isle, minmay_liquid_box
D:2:      bloody_trog, first_ration
D:3:      nicolae_gozag_cash_rules_everything_around_me,
          nicolae_overflow_hidden_temple, serial_aquarium,
          aquarium_bridge_long_separate, aquarium_window_1,
          aquarium_window_fake, aquarium_window_1, aquarium_window_corner,
          aquarium_view_2d, aquarium_pool_corner, xom_teletrap_fun
D:6:      minmay_temple_entry_steel_oval, grunt_dithmenos_smoke

Skill      XL: |  1  2  3  4  5  6  7 |
---------------+----------------------+-----
Stealth        | 2 3 |  3.0
Armour         | 1 2 3 |  3.5
Fighting       | 3 4 5 |  5.9
Bows           | 4 5 |  5.3
Dodging        | |  2.6

Action                   |  1- 3 |  4- 6 |  7- 9 || total
-------------------------+-------+-------+-------++-------
Melee: Short sword       |   112 |   173 |       ||   285
       Dagger            |       |       |    73 ||    73
 Fire: Shortbow          |    26 |   142 |   107 ||   275
  Use: Potion            |       |     5 |     4 ||     9
 Stab: Sleeping          |     4 |     3 |       ||     7
  Eat: Chunk             |     3 |    11 |     3 ||    17
       Ration            |       |     1 |       ||     1
Armor: Leather armour    |    35 |    81 |    36 ||   152
Dodge: Dodged            |    71 |   164 |   105 ||   340

Table legend:
 A = Spawn XP
 B = Non-spawn XP
 C = Spawn XP percentage of total XP
 D = Spawn monster count
 E = Non-spawn monster count
 F = Spawn count percentage of total count
 G = Total turns spent on level
                    A         B        C        D         E        F      G
               +---------+---------+-------+---------+---------+-------+---------
         Total |       0 |    1339 |   0.0 |       0 |     105 |   0.0 |  7656
               +---------+---------+-------+---------+---------+-------+---------
           D:1 |       0 |      27 |   0.0 |       0 |      16 |   0.0 |  1142
           D:2 |       0 |      79 |   0.0 |       0 |      19 |   0.0 |  1586
           D:3 |       0 |     157 |   0.0 |       0 |      28 |   0.0 |  1350
           D:4 |       0 |     184 |   0.0 |       0 |      13 |   0.0 |  1157
           D:5 |       0 |     224 |   0.0 |       0 |       7 |   0.0 |  1245
           D:6 |       0 |     668 |   0.0 |       0 |      22 |   0.0 |  1176
               +---------+---------+-------+---------+---------+-------+---------
